 Dungeon Crawl Stone Soup version 0.24-a0-250-g6074511 (webtiles) character file.

Game seed: 6898507952311727126

398 Borgoz the Cutter (level 6, -9/38 HPs)
             Began as a Gargoyle Gladiator on Apr 15, 2019.
             Mangled by an ogre
             ... wielding a +0 giant spiked club
              (12 damage)
             ... on level 4 of the Dungeon.
             The game lasted 00:07:10 (3865 turns).

Borgoz the Cutter (Gargoyle Gladiator)              Turns: 3865, Time: 00:07:11

Health: -9/38      AC: 10    Str: 18    XL:     6   Next: 83%
Magic:  6/6        EV: 13    Int:  9    God:
Gold:   217        SH:  0    Dex: 12    Spells: 5/5 levels left

rFire    . . .     SeeInvis .   a - +0 rapier
rCold    . . .     Gourm    +   (no shield)
rNeg     + + .     Faith    .   b - +0 leather armour
rPois    ∞         Spirit   .   c - +1 helmet
rElec    +         Reflect  .   l - +0 cloak
rCorr    .         Harm     .   (no gloves)
MR       .....                  (no boots)
Stlth    +.........             h - amulet of the gourmand
HPRegen  0.12/turn              o - ring of flight
MPRegen  0.10/turn              n - ring of positive energy (curse)

@: very slightly contaminated, invisible
A: negative energy resistance 1, electricity resistance, unbreathing,
petrification resistance, rot immunity, AC +4
a: Evoke Flight


You were on level 4 of the Dungeon.
You were full.

You visited 1 branch of the dungeon, and saw 5 of its levels.

You collected 217 gold pieces.

Inventory:

Hand Weapons
 a - a +0 rapier (weapon)
 s - a +0 giant spiked club
Armour
 b - a +0 leather armour (worn)
 c - a +1 helmet (worn)
 l - a +0 cloak (worn)
Jewellery
 h - an amulet of the gourmand (around neck)
 n - a cursed ring of positive energy (right hand)
 o - a ring of flight (left hand)
Wands
 g - a wand of random effects (25)
Scrolls
 e - a scroll of amnesia
 m - 2 scrolls of teleportation
 p - 2 scrolls of remove curse
 t - a scroll of blinking
Potions
 k - a potion of agility
 r - a potion of haste {unknown}
 u - 2 potions of ambrosia {unknown}
Comestibles
 f - 9 rations


   Skills:
 + Level 3.6 Fighting
 + Level 5.0 Short Blades
 - Level 1.7 Throwing
 + Level 2.4 Armour
 + Level 3.3 Dodging
 + Level 1.2 Stealth


You had 5 spell levels left.
You didn't know any spells.
Your spell library was empty.

Dungeon Overview and Level Annotations

Branches:
Dungeon (5/15)
 Temple: D:4-7

Altars:
Gozag
Hepliaklqana
Wu Jian
Xom

Annotations:
D:4 Grinder
D:5 Blork the orc


Innate Abilities, Weirdness & Mutations

You are resistant to torment.
Your stone body is resilient. (AC +4)
You are immune to poison.
You resist negative energy. (rN+)
You are resistant to electric shocks. (rElec)
You can survive without breathing.
You are immune to petrification.
You are immune to rotting.


Message History

Level annotation: Blork the orc The crimson imp spits at you.
The crimson imp blinks!
The ogre barely misses you.
The ogre hits you with a +0 giant spiked club!!
There is a stone staircase leading up here.
Unknown command.
Blork the orc points at you and mumbles some strange words.
The puff of flame hits you.
You climb upwards.
Level annotation: Grinder
There is a stone staircase leading down here.
You fade into invisibility!
The ogre hits you with a +0 giant spiked club!
* * * LOW HITPOINT WARNING * * *
You are very lightly contaminated with residual magic.
You barely miss the ogre. The ogre barely misses you.
You barely miss the ogre. You barely miss the ogre.
The ogre hits you with a +0 giant spiked club!
You die...

#.##......### #####...........
#...........###..#.........###
#####.#....................###
###..#............##.....##..
#....###.#........#..........
##...............<#..........
##............##.##.........
###..###.#..O.##..###.......#
#....# ###..@.#.#...#..#....#
#..#######....#..#..##.#....#
#.............##..#.##.##.###
##..###...##..###..##..##.## ##.#
#.......##.#..#......##
######..###.......#...#.##.##.##.
#...#..###...###..#.#...##..#####
...........#.##...##.#.##...# ##.
##....#....#####...##_####..# #..


You could see an ogre.

Vanquished Creatures
  Edmund (D:4)
  An ogre (D:4)
  An orc priest (D:4)
  A bullfrog skeleton (D:4)
  4 adders
  3 gnolls (D:2)
  An adder skeleton (D:4)
  4 worms
  3 leopard geckos
  7 orcs
  3 bats
  2 giant cockroaches
  4 goblins
  2 hobgoblins
  8 jackals
  6 kobolds
  3 quokkas
  A ball python (D:2)
  A frilled lizard (D:2)
  A leopard gecko skeleton (D:4)
  3 rats
60 creatures vanquished.

Notes
Turn   | Place    | Note
-------+----------+-------------------------------------------
     0 | D:1      | Borgoz the Gargoyle Gladiator began the quest for the Orb.
     0 | D:1      | Reached XP level 1. HP: 12/12 MP: 1/1
   991 | D:2      | Found a shimmering altar of Xom.
  1001 | D:2      | Reached skill level 3 in Short Blades
  1001 | D:2      | Reached XP level 2. HP: 10/17 MP: 2/2
  1296 | D:2      | Reached XP level 3. HP: 19/22 MP: 3/3
  1488 | D:2      | Reached skill level 1 in Armour
  1490 | D:2      | Reached XP level 4. HP: 27/27 MP: 4/4
  2354 | D:3      | Found an opulent altar of Gozag.
  2500 | D:3      | Reached skill level 4 in Short Blades
  2500 | D:3      | Reached XP level 5. HP: 30/32 MP: 5/5
  2902 | D:4      | Noticed an ogre
  2915 | D:4      | Killed an ogre
  2915 | D:4      | Reached skill level 1 in Stealth
  2915 | D:4      | Reached XP level 6. HP: 32/37 MP: 6/6
  3110 | D:4      | Found an ornate altar of the Wu Jian Council.
  3126 | D:4      | Noticed Edmund
  3153 | D:4      | Killed Edmund
  3153 | D:4      | Reached skill level 5 in Short Blades
  3352 | D:4      | Found a hazy altar of Hepliaklqana.
  3485 | D:5      | Entered Level 5 of the Dungeon
  3485 | D:5      | Noticed Grinder
  3485 | D:5      | Noticed Blork the orc
  3497 | D:4      | Paralysed by Grinder for 7 turns
  3512 | D:4      | HP: 1/38 [Grinder (1)]
  3865 | D:4      | Mangled by an ogre

Levels and vault maps discovered:
D:1:      lightli_arrival_statue_moat, layout_basic,
          hangedman_abyss_or_decor_lesser_grid
D:2:      layout_basic, xom_butterflies
D:3:      layout_loops_ring, grunt_gozag_breadcrumbs
D:4:      layout_cave_pools, marbit_many_paths, lemuel_round_altar,
          lemuel_statue_altar, uniq_edmund
D:5:      layout_cave_pools, lemuel_doored_altar,
          nicolae_overflow_crystal_walls, first_ration, uniq_crazy_yiuf_cottage,
          uniq_duvessa, uniq_grinder, uniq_blork_the_orc, uniq_sigmund

Skill      XL: |  1  2  3  4  5  6 |
---------------+-------------------+-----
Short Blades   | 3 4 5 |  5.0
Armour         | 1 2 |  2.4
Dodging        | 3 |  3.3
Fighting       | 3 |  3.6
Stealth        | 1 |  1.2
Throwing       | |  1.7

Action                   |  1- 3 |  4- 6 || total
-------------------------+-------+-------++-------
Melee: Rapier            |    70 |   200 ||   270
Throw: Throwing net      |     1 |     3 ||     4
Evoke: Wand              |       |     1 ||     1
  Use: Potion            |     1 |     1 ||     2
       Scroll            |       |    10 ||    10
 Stab: Sleeping          |     1 |       ||     1
       Held in net/web   |       |     1 ||     1
  Eat: Chunk             |     3 |    13 ||    16
Armor: Leather armour    |    20 |    83 ||   103
Dodge: Dodged            |    42 |   117 ||   159

Table legend:
 A = Non-vault XP
 B = Vault XP
 C = Vault XP percentage of total XP
 D = Non-vault monster count
 E = Vault monster count
 F = Vault count percentage of total count
                 A         B        C        D         E       F
            +---------+---------+-------+---------+---------+-------
      Total |     410 |     159 |  27.9 |      58 |       2 |   3.3
            +---------+---------+-------+---------+---------+-------
        D:1 |       9 |       0 |   0.0 |       4 |       0 |   0.0
        D:2 |      75 |       0 |   0.0 |      13 |       0 |   0.0
        D:3 |      98 |       0 |   0.0 |      28 |       0 |   0.0
        D:4 |     228 |     159 |  41.1 |      13 |       2 |  13.3
            +---------+---------+-------+---------+---------+-------
